 Dungeon Crawl Stone Soup version 0.20-a0-1127-g1289703 (webtiles) character file.

306 Ijustatesigmund the Conjurer (level 6, -1/76 HPs)
             Began as a Draconian Conjurer on May 18, 2017.
             Slain by a killer bee (2 damage)
             ... on level 4 of the Dungeon.
             The game lasted 00:17:12 (3400 turns).

Ijustatesigmund the Conjurer (Draconian Conjurer)   Turns: 3400, Time: 00:17:12

Health: -1/76      AC:  6    Str: 16    XL:     6   Next: 16%
Magic:  1/12       EV: 12    Int: 16    God:
Gold:   83         SH:  0    Dex: 12    Spells: 3/13 levels left

rFire    . . .     SeeInvis .   k - +1 short sword
rCold    . . .     Gourm    +   (no shield)
rNeg     . . .     Faith    .   (armour unavailable)
rPois    .         Spirit   .   (helmet restricted)
rElec    +         Reflect  .   (no cloak)
rCorr    .         Harm     .   (no gloves)
MR       +....     Clarity  +   (no boots)
Stlth    ..........             g - amulet of the gourmand
Regen    0.3/turn               (no ring)
MPRegen  0.2/turn               (no ring)

@: berserking, lethally poisoned (-1 -> -9), very quick
A: unfitting armour, stinger 1, clarity, magic resistance 1, electricity
resistance, cold-blooded, AC +6
a: no special abilities


You were on level 4 of the Dungeon.
You were completely stuffed.

You visited 1 branch of the dungeon, and saw 4 of its levels.

You collected 83 gold pieces.

Inventory:

Hand Weapons
 k - a +1 short sword (weapon)
Armour
 f - a cursed +1 pair of boots
Jewellery
 g - an amulet of the gourmand (around neck)
Scrolls
 h - 2 scrolls of remove curse
Potions
 c - a potion of brilliance
Books
 a - a book of Conjurations

   Spells                             Type                      Level
   a - Magic Dart                     Conjuration                  1
   b - Searing Ray                    Conjuration                  2
   c - Dazzling Spray                 Conjuration/Hexes            3
   d - Fulminant Prism                Conjuration/Hexes            4
   e - Force Lance                    Conjuration/Translocation    4
   f - Iskenderun's Mystic Blast      Conjuration                  4
Comestibles
 b - 3 bread rations
 d - 4 royal jellies
 j - a meat ration


   Skills:
 - Level 3.1 Fighting
 - Level 1.7 Dodging
 - Level 1.7 Stealth
 + Level 4.1 Spellcasting
 + Level 4.8 Conjurations
 + Level 1.9 Hexes


You had 3 spell levels left.
You knew the following spells:

 Your Spells              Type           Power        Failure   Level  Hunger
a - Magic Dart            Conj           ###.         2%          1    None
b - Searing Ray           Conj           ###...       3%          2    ##.....
c - Dazzling Spray        Conj/Hex       ##....       12%         3    ###....
d - Iskenderun's Mystic   Conj           ###.....     22%         4    ####...


Dungeon Overview and Level Annotations

Branches:
Dungeon (4/15)
 Temple: D:4-7

Altars:
The Shining One

Annotations:
D:3 North's ghost, amateur BaFi


Innate Abilities, Weirdness & Mutations

Your plain brown scales are hard. (AC +6)
You cannot fit into any form of body armour.
You are cold-blooded and may be slowed by cold attacks.
Your tail ends in a poisonous barb.
You possess an exceptional clarity of mind.
You are resistant to hostile enchantments. (MR+)
You are resistant to electric shocks. (rElec)


Message History

Your experience leads to an increase in your attributes!
Your base attributes are Str 11, Int 16, Dex 11.
Increase (S)trength, (I)ntelligence, or (D)exterity?
You feel agile.
Your scales feel tougher.
The killer bee stings you but does no damage.
The killer bee stings you!
* * * LOW HITPOINT WARNING * * *
The killer bee stings you but does no damage.
You miss the killer bee.
You feel sick.
The killer bee stings you but does no damage.
The killer bee closely misses you. The killer bee misses you.
You hit the killer bee.
The killer bee is moderately wounded.
The killer bee stings you.
* * * LOW HITPOINT WARNING * * *
You are lethally poisoned!
The killer bee poisons you! The killer bee stings you.
* * * LOW HITPOINT WARNING * * *
The killer bee stings you.
You die...

##### ##...##
##.....##
###.......#
..........# ##
#......[# ..##
##...?.# ...#
#..$.@y# ....
#....y..)...#
..h.
..............#
..##
###...........#
##.....#....#
#......##.##
..####. .# .##
.. .


You could see 2 killer bees.

Vanquished Creatures
  A killer bee (D:4)
  An orc wizard (D:3)
  Terence (D:2)
  8 gnolls
  5 adders
  3 dart slugs
  3 leopard geckos
  3 orcs
  11 bats
  A giant cockroach (D:1)
  18 goblins
  7 hobgoblins
  5 jackals
  4 frilled lizards
  5 kobolds
  5 rats
81 creatures vanquished.

Notes
Turn   | Place    | Note
-------+----------+-------------------------------------------
     0 | D:1      | Ijustatesigmund the Draconian Conjurer began the quest for the Orb.
     0 | D:1      | Reached XP level 1. HP: 14/14 MP: 3/3
   172 | D:1      | Reached skill level 1 in Fighting
   172 | D:1      | Reached XP level 2. HP: 23/23 MP: 0/5
   176 | D:1      | Learned a level 2 spell: Searing Ray
   928 | D:2      | Noticed Terence
   950 | D:2      | Killed Terence
   950 | D:2      | Reached XP level 3. HP: 27/30 MP: 0/7
  1052 | D:2      | Reached XP level 4. HP: 28/37 MP: 1/8
  1059 | D:2      | Learned a level 3 spell: Dazzling Spray
  1265 | D:2      | Gained mutation: You possess an exceptional clarity of mind. [potion of mutation]
  1265 | D:2      | Gained mutation: You are resistant to hostile enchantments. (MR+) [potion of mutation]
  1265 | D:2      | Gained mutation: You are resistant to electric shocks. (rElec) [potion of mutation]
  1265 | D:2      | Gained mutation: Your tail ends in a poisonous barb. [potion of mutation]
  2100 | D:2      | Reached XP level 5. HP: 40/45 MP: 5/10
  2318 | D:2      | Learned a level 4 spell: Iskenderun's Mystic Blast
  2674 | D:3      | Noticed North's ghost (amateur BaFi)
  2712 | D:2      | Reached skill level 1 in Hexes
  3054 | D:3      | Found a glowing golden altar of the Shining One.
  3398 | D:4      | Reached XP level 6. HP: 12/51 MP: 1/12
  3400 | D:4      | HP: 1/76 [killer bee (3)]
  3400 | D:4      | Slain by a killer bee

Vault maps used:
D:1:      ncdulo_watergridlock
D:2:      kennysheep_the_goblin_king, uniq_terence
D:3:      nicolae_overflow_crystal_walls, first_bread, kennysheep_generic_room_2
D:4:      gammafunk_temple_overflow_forgotten, kennysheep_opposing_triangles,
          uniq_blork_the_orc, uniq_sigmund

Skill      XL: |  1  2  3  4  5 |
---------------+----------------+-----
Fighting       | 1 2 3 |  3.1
Spellcasting   | 3 4 |  4.1
Hexes          | 1 |  1.9
Dodging        | |  1.7
Stealth        | |  1.7
Conjurations   | |  4.8

Action                   |  1- 3 |  4- 6 || total
-------------------------+-------+-------++-------
Melee: Unarmed           |    10 |       ||    10
       Dagger            |    22 |       ||    22
       Tailslap          |     3 |     9 ||    12
       Short sword       |    14 |   103 ||   117
 Cast: Magic Dart        |    45 |    47 ||    92
       Searing Ray       |     2 |     8 ||    10
       Dazzling Spray    |       |    10 ||    10
       Iskenderun's Myst |       |     3 ||     3
  Use: Scroll            |     1 |     6 ||     7
       Potion            |       |     3 ||     3
  Eat: Chunk             |     4 |    15 ||    19
Armor: Skin              |    20 |    38 ||    58
Dodge: Dodged            |    22 |   138 ||   160
